cohdb
Replays
Latest Replays
All Replays
Popular Replays
Top Player Replays
Match Explorer
How It Works
Community
CoH3 Stats
Reddit
Sign in to upload your games and track your stats! →
Sign in with Steam
Match 43097163
Unlisted
Match 43097163
Overview
Messages
Build Orders
End
Vickers Machine Gun Team
Construct Section Command Post
Dingo Light Scout Car
Selects Air and Sea Battlegroup
Infantry Section
Construct Platoon Command Post
Selects Commando Section Paradrop
Commando Section Paradrop
Selects Commando Support Section Paradrop
Selects Supply Surplus
Commando Section Paradrop
Construct Field Infirmary
Forward Retreat Point
Construct Company Command Post
Crusader II Medium Tank
Crusader II Medium Tank
WЇЌĭήğ§* ★assasin
[HISP] Septimus
^3
DIV 250 BigBoss
Homayoun98 [FOXES]
Northilink
Base rush noobs #
simranjitsingh713
0
0
Comments
sign in to comment!
No comments posted yet!